Map: 2000 Atmospheres LE

Players

Lambo - Winner!

  • Race: Zerg Zerg

Solar

  • Race: Zerg Zerg

Event: StayAtHome Story Cup #4

VOD

Have the link to the VOD?

Description

Time

  • Played on: Oct. 23, 2021, 12:32 p.m.
  • Length: 7:21

All games in this series

Show
View Real Time Build Order
Export as new Build Order

Lambo Zerg - Winner!

Build Orders: Hatch First 

Get SALT Encoding   

  12  0:00  Drone  
  13  0:12  Overlord  
  13  0:17  Drone  
  14  0:30  Drone x2  
  16  0:47  Hatchery  
  15  0:50  Drone  
  15  0:54  Drone  
  17  0:57  Drone  
  18  1:07  Extractor  
  17  1:12  Spawning Pool  
  17  1:15  Drone  
  17  1:18  Drone  
  18  1:27  Drone  
  19  1:39  Drone  
  20  1:50  Drone  
  21  1:59  Queen x2  
  21  2:00  Overlord, Zergling x2  
  26  2:08  Metabolic Boost  
  26  2:10  Drone  
  26  2:11  Drone  
  28  2:21  Drone x2  
  30  2:32  Drone  
  30  2:36  Hatchery  
  30  2:40  Zergling x2  
  30  2:43  Drone  
  32  2:46  Baneling Nest  
  32  2:50  Overlord  
  31  2:55  Drone  
  31  2:56  Drone  
  33  3:00  Queen  
  33  3:05  Zergling x2  
  36  3:14  Drone x4  
  36  3:15  Zergling x2  
  36  3:18  Zergling x2  
  42  3:24  Overlord  
  42  3:26  Drone x2  
  44  3:30  Evolution Chamber  
  44  3:32  Baneling  
  44  3:33  Drone  
  44  3:43  Drone x6  
  50  3:50  Zergling x8  
  50  3:54  Baneling  
  53  3:59  Drone x3  
  53  4:02  Lair  
  55  4:03  Extractor  
  54  4:10  Roach Warren, Drone  
  54  4:16  Drone x2  
  55  4:21  Zerg Missile Weapons Level 1  
  55  4:22  Drone x2  
  57  4:31  Overlord  
  57  4:35  Overlord x2, Extractor  
  57  4:37  Drone  
  57  4:38  Overlord  
  57  4:48  Overlord  
  57  4:51  Drone x9  
  66  4:56  Extractor  
  66  4:57  Extractor  
  64  5:02  Roach x2  
  64  5:03  Glial Reconstitution  
  68  5:10  Drone x2  
  68  5:11  Drone  
  68  5:12  Drone  
  71  5:20  Roach x7  
  85  5:29  Roach  
  85  5:34  Overlord  
  85  5:35  Overlord  
  87  5:36  Nydus Network  
  87  5:38  Overlord  
  87  5:42  Overlord  
  86  5:44  Overlord, Roach x4  
  86  5:49  Roach x2  
  97  6:03  Roach x6  
  109  6:12  Roach x4  
  109  6:14  Nydus Canal  
  109  6:15  Roach x3  
  119  6:19  Overlord  
  119  6:20  Roach  
  121  6:28  Nydus Canal  
  121  6:29  Roach x3  
  121  6:32  Roach  
  129  6:33  Roach  
  131  6:40  Overlord  
  131  6:41  Roach x4  
  131  6:46  Roach x3  
  145  7:01  Roach  
  137  7:06  Nydus Canal  
Show
View Real Time Build Order
Export as new Build Order

Solar Zerg 

Build Orders: Hatch First 

Get SALT Encoding   

  12  0:00  Drone  
  13  0:12  Overlord  
  13  0:17  Drone  
  14  0:31  Drone x2  
  16  0:48  Hatchery  
  15  0:51  Drone  
  15  0:55  Drone  
  17  0:58  Drone  
  18  1:09  Extractor  
  17  1:13  Spawning Pool  
  17  1:15  Drone  
  17  1:19  Drone  
  18  1:28  Drone  
  19  1:39  Drone  
  20  1:50  Drone  
  21  1:59  Queen x2  
  21  2:01  Overlord, Zergling x2  
  26  2:11  Drone x2, Metabolic Boost  
  28  2:21  Zergling x2  
  28  2:22  Drone  
  30  2:33  Hatchery  
  30  2:35  Drone  
  30  2:37  Drone  
  30  2:42  Baneling Nest  
  30  2:44  Drone  
  30  2:49  Overlord  
  31  2:54  Drone x2  
  33  3:05  Drone  
  34  3:07  Zergling x4  
  34  3:09  Zergling x6  
  34  3:11  Drone  
  34  3:12  Zergling x2  
  41  3:20  Overlord  
  41  3:22  Drone  
  42  3:27  Baneling x2  
  42  3:29  Drone  
  42  3:32  Drone  
  44  3:39  Drone x2  
  44  3:40  Drone x2  
  49  3:41  Drone x2  
  49  3:42  Evolution Chamber  
  49  3:46  Queen  
  51  3:50  Drone  
  51  3:51  Zergling x2  
  51  3:54  Overlord  
  53  3:58  Drone x2  
  53  4:02  Overlord  
  54  4:05  Drone  
  54  4:08  Drone  
  54  4:09  Zerg Missile Weapons Level 1  
  56  4:13  Zergling x2  
  56  4:15  Drone x2  
  56  4:16  Drone x2  
  61  4:21  Roach Warren  
  61  4:22  Drone  
  61  4:26  Baneling x2  
  61  4:27  Zergling x6  
  64  4:33  Overlord  
  64  4:34  Extractor  
  64  4:35  Drone, Extractor  
  63  4:40  Lair  
  63  4:42  Drone x3  
  66  4:46  Drone x2  
  66  4:47  Drone  
  66  4:48  Overlord  
  66  4:51  Drone x3  
  72  4:53  Zergling x2  
  72  4:56  Drone  
  72  4:58  Drone, Overlord  
  75  5:01  Extractor x2  
  75  5:03  Drone x3  
  76  5:11  Overlord, Pneumatized Carapace  
  76  5:13  Drone x2  
  77  5:22  Drone x2  
  77  5:23  Drone  
  77  5:26  Overlord  
  77  5:27  Drone  
  81  5:28  Drone  
  81  5:29  Drone x2  
  81  5:30  Drone x2  
  81  5:33  Drone  
  86  5:36  Roach, Extractor  
  86  5:37  Roach  
  86  5:39  Glial Reconstitution  
  86  5:40  Overseer, Roach  
  86  5:41  Overseer  
  91  5:44  Roach  
  91  5:48  Overlord  
  93  5:50  Roach  
  93  5:55  Roach x6  
  107  6:01  Spine Crawler  
  107  6:02  Roach x3  
  112  6:09  Roach x5  
  122  6:12  Overlord  
  121  6:19  Overlord  
  121  6:21  Overlord  
  121  6:23  Overlord  
  121  6:28  Overlord  
  121  6:31  Overlord  
  121  6:33  Overlord  
  121  6:38  Overlord  
  121  6:39  Roach x7  
  135  6:42  Roach  
  135  6:46  Roach x2  
  141  6:50  Roach  
  143  6:56  Roach  
  143  7:00  Roach x2  
  143  7:01  Roach x4  
Tags
 
Add a new tag
Caveats
  • Supply blocks, unpowered buildings, or Contaminate may cause inaccurate times.
  • Supply counts are checked every 10 seconds.